 Dungeon Crawl Stone Soup version 0.26.1-2-gb8aa6d0cf2 (webtiles) character file.

Game seed: 4744250179818419802

9195 Almogavar the Cleaver (level 11, -10/97 HPs)
             Began as a Hill Orc Fighter on Mar 23, 2021.
             Was an Elder of Makhleb.
             Mangled by a white ugly thing (29 damage)
             ... on level 10 of the Dungeon.
             The game lasted 00:33:06 (12171 turns).

Almogavar the Cleaver (Hill Orc Fighter)           Turns: 12171, Time: 00:33:06

Health: -10/97     AC: 22    Str: 29    XL:     11   Next: 42%
Magic:  11/11      EV:  6    Int:  8    God:    Makhleb [****..]
Gold:   713        SH: 13    Dex: 10    Spells: 10/10 levels left

rFire    + . .     SeeInvis .   a - +0 war axe
rCold    . . .     Faith    .   c - +1 kite shield
rNeg     . . .     Spirit   .   F - +0 plate armour
rPois    .         Reflect  .   H - +1 helmet
rElec    .         Harm     .   t - +0 cloak
rCorr    .         Rampage  .   m - +2 pair of gloves
Will     .....                  G - +0 pair of boots
Stlth    ..........             z - amulet of magic regeneration
HPRegen  0.26/turn              B - ring of protection from fire
MPRegen  0.37/turn              o - +6 ring of strength

@: no status effects
A: no striking features
a: Renounce Religion, Minor Destruction, Lesser Servant of Makhleb, Major
Destruction


You were on level 10 of the Dungeon.
You worshipped Makhleb.
Makhleb was greatly pleased with you.
You visited 1 branch of the dungeon, and saw 10 of its levels.

You collected 713 gold pieces.

Inventory:

Hand Weapons
 a - a +0 war axe (weapon)
Armour
 c - a +1 kite shield (worn)
 g - +2 acid dragon scales
 m - a +2 pair of gloves (worn)
 t - a +0 cloak (worn)
 F - a +0 plate armour (worn)
 G - a +0 pair of boots (worn)
 H - a +1 helmet (worn)
Jewellery
 o - a +6 ring of strength (right hand)
 z - an amulet of magic regeneration (around neck)
 B - a ring of protection from fire (left hand)
Wands
 u - a wand of polymorph (29)
 w - a wand of acid (34)
Scrolls
 e - 3 scrolls of enchant weapon
 f - 4 scrolls of immolation
 h - 2 scrolls of enchant armour
 n - 2 scrolls of blinking
 p - a scroll of magic mapping
 s - 2 scrolls of amnesia
 x - 3 scrolls of teleportation
 y - 4 scrolls of remove curse
 E - a scroll of fog
Potions
 b - 3 potions of degeneration {unknown}
 d - 2 potions of might
 i - 4 potions of curing {unknown}
 j - 2 potions of brilliance {unknown}
 k - a potion of invisibility
 l - 2 potions of berserk rage {unknown}
 r - 3 potions of haste {unknown}
 v - a potion of mutation
 A - 2 potions of lignification {unknown}
 C - 3 potions of flight {unknown}
 D - a potion of resistance
Miscellaneous
 q - a condenser vane


   Skills:
 + Level 9.3 Fighting
 + Level 14.7 Axes
 + Level 8.5 Armour
 - Level 0.1 Dodging
 + Level 9.8 Shields


You had 10 spell levels left.
You didn't know any spells.
Your spell library was empty.

Dungeon Overview and Level Annotations

Branches:
Dungeon (10/15)            Temple (0/1) D:5             Orc (0/2) D:10
   Lair: D:8-11

Altars:
Dithmenos
Elyvilon
Fedhas
Gozag
Kikubaaqudgha
Makhleb
Ru
Trog
Xom
The Shining One
Beogh


Message History

You hit the white ugly thing but do no damage.
The white ugly thing claws you! The white ugly thing freezes you!!
You hit the white ugly thing but do no damage.
The white ugly thing claws you but does no damage.
You slash the white ugly thing!
The white ugly thing is lightly wounded.
You barely miss the white ugly thing.
The white ugly thing is lightly wounded.
The white ugly thing claws you but does no damage.
You slash the white ugly thing!
The white ugly thing is moderately wounded.
The white ugly thing claws you. The white ugly thing freezes you!!
* * * LOW HITPOINT WARNING * * *
Your plate armour prevents you from hitting the white ugly thing.
The white ugly thing is moderately wounded.
The white ugly thing claws you but does no damage.
A demon appears!
The white ugly thing claws you.
* * * LOW HITPOINT WARNING * * *
The white ugly thing freezes you!!
You die...

........#......# #...##8.8##.
........#......# #...###'##..
........#......#######...##...#..
........#####............##.>.#..
............#.))(........##...#.#
............#####(###+#########.#
................................#
.....#######....3...............#
.....# #...)@....(>.........#
.....# #...)u...(########...#
.....# .#.....(((.# #...# .....#
..+....)...(# #...# .....#
..#.........# #...#
...).####'##........## #...#
....................' #...#
....................#. #.<..
....................+ #.###


You could see a white ugly thing and a friendly ynoxinul (summoned).

Vanquished Creatures
  A two-headed ogre (D:8)
  An unseen horror (D:8)
  2 gargoyles (D:10)
  Maggie (D:7)
  A troll (D:10)
  A wraith (D:4)
  Sigmund (D:3)
  4 wyverns
  Grum (D:10)
  Menkaure (D:4)
  Duvessa (D:4)
  A water moccasin (D:10)
  2 sky beasts (D:8)
  8 orc warriors
  3 ice beasts
  3 phantoms
  3 wolves (D:10)
  7 ogres
  10 centaurs
  5 bullfrogs
  Dowan (D:4)
  A water moccasin zombie (D:8)
  2 scorpions
  5 killer bees (D:9)
  5 wights (D:4)
  2 howler monkeys
  3 bullfrog zombies
  2 quasits
  A centaur zombie (D:8)
  3 jellies
  A gnoll shaman (D:5)
  6 hounds
  5 orc wizards
  A bullfrog skeleton (D:8)
  2 centaur skeletons
  10 orc priests
  Crazy Yiuf (D:3)
  Terence (D:3)
  3 iguanas
  7 worker ants
  2 hound zombies (D:6)
  A howler monkey zombie (D:5)
  A worker ant zombie (D:8)
  8 gnolls
  A howler monkey skeleton (D:6)
  10 adders
  4 shadow imps
  4 white imps
  2 ufetubi
  2 oozes
  An adder zombie (D:9)
  2 adder skeletons
  5 worms
  5 leopard geckos
  50 orcs
  A ball python (D:7)
  2 giant cockroaches
  7 goblins
  7 hobgoblins
  7 jackals
  10 kobolds
  7 quokkas
  10 bats
  6 frilled lizards
  A leopard gecko skeleton (D:6)
  A quokka skeleton (D:9)
  A quokka zombie (D:8)
  8 rats
285 creatures vanquished.

Notes
Turn   | Place    | Note
-------+----------+-------------------------------------------
     0 | D:1      | Almogavar the Hill Orc Fighter began the quest for the Orb.
     0 | D:1      | Reached XP level 1. HP: 19/19 MP: 1/1
   204 | D:1      | Reached XP level 2. HP: 27/27 MP: 2/2
   236 | D:1      | Reached skill level 3 in Axes
   568 | D:1      | Reached XP level 3. HP: 30/33 MP: 3/3
   913 | D:2      | Found a bloodstained altar of Trog.
  1330 | D:2      | Reached XP level 4. HP: 40/40 MP: 4/4
  1350 | D:2      | Reached skill level 4 in Axes
  2050 | D:3      | Noticed Terence
  2061 | D:3      | Killed Terence
  2176 | D:3      | Noticed Sigmund
  2207 | D:3      | Killed Sigmund
  2208 | D:3      | Reached skill level 5 in Axes
  2208 | D:3      | Reached XP level 5. HP: 34/47 MP: 5/5
  2208 | D:3      | Reached XP level 6. HP: 38/53 MP: 6/6
  2552 | D:3      | Found a burning altar of Makhleb.
  2560 | D:3      | Reached skill level 6 in Axes
  2563 | D:3      | Became a worshipper of Makhleb the Destroyer
  2772 | D:3      | Found a runed translucent door.
  2773 | D:3      | Noticed Crazy Yiuf
  2779 | D:3      | Killed Crazy Yiuf
  3465 | D:4      | Reached skill level 7 in Axes
  3465 | D:4      | Reached XP level 7. HP: 56/60 MP: 7/7
  3530 | D:4      | Noticed Duvessa
  3530 | D:4      | Noticed Dowan
  3531 | D:4      | Noticed Menkaure
  3540 | D:4      | Killed Duvessa
  3541 | D:4      | Reached skill level 5 in Fighting
  3541 | D:4      | Reached skill level 5 in Armour
  3543 | D:4      | Killed Dowan
  3548 | D:4      | Killed Menkaure
  3549 | D:4      | Reached skill level 8 in Axes
  3710 | D:4      | Reached XP level 8. HP: 54/68 MP: 8/8
  3785 | D:4      | Found a glowing golden altar of the Shining One.
  3786 | D:4      | Found a blossoming altar of Fedhas.
  3786 | D:4      | Noticed a wraith
  3788 | D:4      | Found a transporter.
  3929 | D:4      | Found a transporter.
  4039 | D:4      | Reached skill level 5 in Shields
  4045 | D:4      | Reached skill level 9 in Axes
  4750 | D:4      | Killed a wraith
  4751 | D:4      | Reached skill level 10 in Axes
  4822 | D:5      | Entered Level 5 of the Dungeon
  5356 | D:5      | Found a staircase to the Ecumenical Temple.
  5374 | D:5      | Reached XP level 9. HP: 58/75 MP: 9/9
  5476 | D:5      | Reached * piety under Makhleb
  5784 | D:5      | Reached skill level 11 in Axes
  6636 | D:6      | Found a shadowy altar of Dithmenos.
  6681 | D:6      | Found a sacrificial altar of Ru.
  6862 | D:6      | Found a white marble altar of Elyvilon.
  7157 | D:6      | Found an opulent altar of Gozag.
  7737 | D:7      | Found the +8 demon trident "Rift" {distort, reach+}
  7775 | D:7      | Reached skill level 12 in Axes
  7872 | D:7      | Reached ** piety under Makhleb
  8177 | D:7      | Reached XP level 10. HP: 86/86 MP: 10/10
  8253 | D:7      | Noticed Maggie
  8285 | D:7      | Killed Maggie
  8695 | D:8      | Reached skill level 13 in Axes
  8802 | D:8      | Killed an unseen horror
  8986 | D:8      | Noticed a two-headed ogre
  9474 | D:8      | Noticed a two-headed ogre
  9483 | D:8      | Killed a two-headed ogre
 10199 | D:8      | Found a roughly hewn altar of Beogh.
 10368 | D:9      | Reached *** piety under Makhleb
 10710 | D:9      | Found an ancient bone altar of Kikubaaqudgha.
 10717 | D:9      | Reached XP level 11. HP: 93/95 MP: 11/11
 10722 | D:9      | Reached skill level 14 in Axes
 10780 | D:9      | Found a shimmering altar of Xom.
 11103 | D:10     | Entered Level 10 of the Dungeon
 11521 | D:10     | Noticed Grum
 11536 | D:10     | Reached **** piety under Makhleb
 11543 | D:10     | Killed Grum
 12114 | D:10     | Found a staircase to the Orcish Mines.
 12161 | D:10     | Noticed a white ugly thing
 12171 | D:10     | Mangled by a white ugly thing

Illustrated notes

Levels and vault maps discovered:
D:1:      dpeg_arrival_rooms_with_view, layout_rooms, minmay_door_square,
          grunt_decor_junction
D:2:      layout_basic, old_standard_altar, minmay_bisected
D:3:      layout_basic, makhleb_heckhound_becter, uniq_crazy_yiuf_cottage,
          uniq_sigmund, uniq_terence
D:4:      layout_loops_corners, gammafunk_temple_overflow_arena, uniq_duvessa,
          uniq_menkaure
D:5:      layout_basic, minmay_temple_entry_drinking_statues
D:6:      layout_layer_cave, elyvilon_altar_1,
          grunt_dithmenos_smoke_and_mirrors, nicolae_gozag_seed_capital,
          dk_vineyard_2, nicolae_ru_great_annihilating_truth
D:7:      layout_loops_ring, corexii_leaking_fountain, kennysheep_doodads,
          kennysheep_generic_room_12, uniq_maggie
D:8:      cheibrodos_fzero, layout_basic, special_room [special_room_orc]
D:9:      layout_rooms, grunt_temple_overflow_open
D:10:     layout_irregular_city, hiddenorc1_lemuel, uniq_grum

Skill      XL: |  1  2  3  4  5  6  7  8  9 10 11 |
---------------+----------------------------------+-----
Axes           | 3 5 7 8 10 12 13 14 | 14.7
Shields        | 4 6 7 9 |  9.8
Fighting       | 4 5 6 7 8 9 |  9.3
Armour         | 4 5 6 7 8 |  8.5
Dodging        | |  0.1

Action                   |  1- 3 |  4- 6 |  7- 9 | 10-12 || total
-------------------------+-------+-------+-------+-------++-------
Melee: War axe           |   115 |    94 |   398 |   504 ||  1111
Invok: Lesser Servant of |       |       |       |     1 ||     1
  Use: Potion            |     1 |       |     2 |       ||     3
       Scroll            |       |     5 |     6 |     2 ||    13
 Stab: Paralysed         |       |       |     1 |       ||     1
Armor: Scale mail        |    53 |     3 |       |       ||    56
       Chain mail        |       |    55 |   158 |       ||   213
       Plate armour      |       |       |     1 |   279 ||   280
Dodge: Dodged            |    37 |    18 |    67 |    85 ||   207
Block: Kite shield       |    55 |    47 |   222 |   329 ||   653
